 Dungeon Crawl Stone Soup version 0.29-a0-322-g68df515428 (webtiles) character file.

Game seed: 3406153486336307216

1975 HotDog the Cudgeller (level 9, 0/54 HPs)
             Began as a Gargoyle Fighter on Apr 6, 2022.
             Was an Initiate of the Shining One.
             Killed by divine providence
             ... invoked by an orc priest
              (13 damage)
             ... on level 7 of the Dungeon.
             The game lasted 00:08:02 (8174 turns).

HotDog the Cudgeller (Gargoyle Fighter)             Turns: 8174, Time: 00:08:03

Health: 0/54       AC: 24    Str: 24    XL:     9   Next: 20%
Magic:  11/11      EV: 10    Int:  9    God:    the Shining One [......]
Gold:   487        SH:  4    Dex:  9    Spells: 8/8 levels left

rFire   . . .      SeeInvis .   a - +0 flail
rCold   . . .      Faith    .   c - +0 buckler
rNeg    + . .      Spirit   .   b - +0 scale mail
rPois   ∞          Reflect  .   l - +2 helmet
rElec   +          Harm     .   t - +0 cloak
rCorr   .          Rampage  .   j - +1 pair of gloves
Will    .....                   h - +2 pair of boots
Stlth   ..........              (no amulet)
HPRegen 0.18/turn               (no ring)
MPRegen 0.12/turn               (no ring)

@: glowing
A: sickness immunity, AC +6, negative energy resistance 1, electricity
resistance, torment resistance 1, petrification resistance
a: Renounce Religion


You were on level 7 of the Dungeon.
You worshipped the Shining One.
The Shining One was noncommittal.
You visited 2 branches of the dungeon, and saw 8 of its levels.

You collected 487 gold pieces.

Inventory:

Hand Weapons
 a - a +0 flail (weapon)
Armour
 b - a +0 scale mail (worn)
 c - a +0 buckler (worn)
 h - a +2 pair of boots (worn)
 j - a +1 pair of gloves (worn)
 l - a +2 helmet (worn)
 t - a +0 cloak (worn)
Jewellery
 e - a ring of fire
 k - a +6 ring of dexterity
 r - a ring of positive energy
 s - a ring of see invisible
Wands
 n - a wand of iceblast (10)
 q - a wand of charming (1)
Scrolls
 f - a scroll of fog
 m - 2 scrolls of identify
 p - 2 scrolls of enchant weapon
Potions
 d - a potion of magic
 g - a potion of ambrosia
 i - a potion of attraction {unknown}
 o - a potion of resistance {unknown}
 u - a potion of might


   Skills:
 * Level 5.5 Fighting
 * Level 7.3 Maces & Flails
 * Level 6.7 Armour
 * Level 2.8 Dodging
 * Level 5.3 Shields
 * Level 3.9 Invocations


You had 8 spell levels left.
You didn't know any spells.
Your spell library contained the following spells:

 Spells                   Type           Power      Damage    Failure   Level
 Corpse Rot               Necr/Air       0%         N/A       87%         2
 Poisonous Vapours        Pois/Air       0%         N/A       87%         2
 Ozocubu's Armour         Ice            0%         N/A       98%         3
 Metabolic Englaciation   Hex/Ice        0%         N/A       100%        5
 Simulacrum               Ice/Necr       0%         N/A       100%        6


Dungeon Overview and Level Annotations

Branches:
Dungeon (7/15)             Temple (1/1) D:6

Altars:
Ashenzari
Cheibriados
Elyvilon
Gozag
Hepliaklqana
Makhleb
Nemelex Xobeh
Trog
Uskayaw
Wu Jian
Xom
Yredelemnul
Zin
The Shining One

Annotations:
D:4 2 transporters, Iidacon's ghost, weakling MiHu
D:5 5 runed translucent doors, Dowan; Duvessa


Innate Abilities, Weirdness & Mutations

You are immune to sickness and miasma.
Your stone body is resilient. (AC +6)
You are immune to poison.
You resist negative energy. (rN+)
You are resistant to electric shocks. (rElec)
You are resistant to unholy torment.
You are immune to petrification.


Message History

Found an escape hatch in the floor.
You see here a scorpion corpse.
No target in view!
Key pressed, stopping explore.
No target in view!
An orc wizard comes into view. It is wielding a +0 dagger.
The orc wizard casts a spell at you. The magic dart hits you.
An orc warrior comes into view. It is wielding a +0 halberd.
Found 5 gold pieces.
The orc warrior shouts!
The orc wizard points at you and mumbles some strange words.
You are confused.
There are monsters nearby!
You are too confused!
You are too confused!
There are monsters nearby!
There are monsters nearby!
You are too confused!
You are too confused!
Unknown command.
You are too confused!
An orc priest comes into view. It is wielding a +0 war axe.
The orc warrior completely misses you.
You are too confused!
The orc warrior hits you with a +0 halberd!
The orc wizard hits you with a +0 dagger.
You are too confused!
You hit the orc warrior but do no damage.
You feel less confused.
There is an escape hatch in the floor here.
The orc priest barely misses you.
The orc warrior hits you with a +0 halberd!!
* * * LOW HITPOINT WARNING * * *
The orc wizard closely misses you.
You slide downwards.
The hatch slams shut behind you.
Found an escape hatch in the ceiling.
The orc priest invokes the aid of Beogh against you.
Beogh smites you!
You die...

### ..###
#...#
#...#
#.###...#
#......o#
#o.# #o@#
##.# #.#
..# #.#
#.# #.#
#.#


You could see an orc warrior, an orc priest and an orc wizard.

Vanquished Creatures
  Sigmund (D:5)
  Menkaure (D:5)
  2 ice beasts
  A sky beast (D:6)
  3 ogres
  A centaur (D:5)
  A phantom (D:5)
  A kobold brigand (D:5)
  4 scorpions
  A necrophage (D:5)
  3 hounds
  3 jellies
  An iguana (D:5)
  Ijyb (D:5)
  2 orc wizards
  A mummy (D:6)
  17 gnolls
  10 adders
  An ufetubus (D:5)
  2 dart slugs
  12 orcs
  9 endoplasms
  4 giant cockroaches
  9 goblins
  4 hobgoblins
  6 jackals
  3 quokkas
  6 ball pythons
  4 bats
  5 frilled lizards
  9 kobolds
  4 rats
132 creatures vanquished.

Vanquished Creatures (others)
  5 toadstools (D:1)
5 creatures vanquished.

Grand Total: 137 creatures vanquished

Notes
Turn   | Place    | Note
-------+----------+-------------------------------------------
     0 | D:1      | HotDog the Gargoyle Fighter began the quest for the Orb.
     0 | D:1      | Reached XP level 1. HP: 14/14 MP: 1/1
   223 | D:1      | Reached XP level 2. HP: 13/19 MP: 2/2
   837 | D:2      | Reached XP level 3. HP: 23/24 MP: 3/3
  1037 | D:2      | Reached skill level 1 in Invocations
  1048 | D:2      | Reached XP level 4. HP: 7/29 MP: 4/4
  1669 | D:2      | Found a faded altar of an unknown god.
  1905 | D:3      | Reached skill level 3 in Maces & Flails
  1988 | D:3      | Reached XP level 5. HP: 33/33 MP: 6/6
  2266 | D:3      | Reached skill level 1 in Dodging
  2756 | D:3      | Reached XP level 6. HP: 38/38 MP: 7/7
  3369 | D:4      | Found an opulent altar of Gozag.
  3429 | D:4      | Found a transporter.
  3431 | D:4      | Noticed Iidacon's ghost (weakling MiHu)
  3435 | D:4      | Found a transporter.
  3446 | D:4      | Reached skill level 4 in Maces & Flails
  3557 | D:4      | Identified the +10 dagger of Gagah {flame, Str+4}
  3940 | D:4      | Found a sparkling altar of Nemelex Xobeh.
  3960 | D:4      | Reached XP level 7. HP: 24/44 MP: 8/8
  4144 | D:4      | Found an ornate altar of the Wu Jian Council.
  4447 | D:5      | Entered Level 5 of the Dungeon
  4551 | D:5      | Reached skill level 5 in Maces & Flails
  4685 | D:5      | Reached skill level 5 in Armour
  4791 | D:5      | Found a bloodstained altar of Trog.
  4938 | D:5      | Found a hide-covered altar of Uskayaw.
  5065 | D:5      | Noticed Menkaure
  5078 | D:5      | Killed Menkaure
  5079 | D:5      | Reached XP level 8. HP: 32/48 MP: 10/10
  5094 | D:5      | Noticed Ijyb
  5095 | D:5      | Noticed Sigmund
  5097 | D:5      | Found the +9 staff of Olgreb {rPois∞}
  5112 | D:5      | Killed Ijyb
  5122 | D:5      | Killed Sigmund
  5283 | D:5      | Noticed Duvessa
  5284 | D:5      | Found a runed translucent gate.
  5284 | D:5      | Found a runed translucent gate.
  5284 | D:5      | Noticed Dowan
  5285 | D:5      | Found a runed translucent door.
  5297 | D:5      | Found a runed translucent gate.
  5310 | D:5      | Found a runed translucent door.
  5427 | D:5      | Reached skill level 6 in Maces & Flails
  5483 | D:5      | Found a hazy altar of Hepliaklqana.
  5674 | D:5      | Reached skill level 5 in Fighting
  6533 | D:5      | Reached skill level 5 in Shields
  7060 | D:6      | Found a staircase to the Ecumenical Temple.
  7087 | D:6      | Reached skill level 7 in Maces & Flails
  7087 | D:6      | Reached XP level 9. HP: 39/54 MP: 11/11
  7100 | Temple   | Entered the Ecumenical Temple
  7197 | Temple   | Became a worshipper of the Shining One
  7264 | D:6      | Found a broken altar of Ashenzari.
  8174 | D:7      | Killed from afar by an orc priest

Illustrated notes

Levels and vault maps discovered:
D:1:      ldierk_walled_garden, layout_basic, minmay_pentomino_r2
D:2:      layout_loops_ring, serial_glass, glass_columns_c, glass_columns_a,
          chequers_ecumenical_altar_lobes
D:3:      layout_basic
D:4:      layout_basic, jmf_multi_god_temple, grunt_gozag_breadcrumbs,
          gammafunk_ghost_mausoleum
D:5:      layout_loops_ring, mainiacjoe_overflow_catwalk, kennysheep_little_box,
          lemuel_coloured_pillars_altar, minmay_guarded_unrand_staff_of_olgreb,
          uniq_duvessa, uniq_ijyb, uniq_menkaure, uniq_sigmund
D:6:      layout_basic, mainiacjoe_overflow_cross_hatched,
          amcnicky_altar_gilded, minmay_temple_entry_statues,
          nicolae_ossuary_entry_giza, st_stairs_11
D:7:      layout_loops_ring, mainiacjoe_overflow_alcove_2,
          hangedman_abyss_or_decor_stagger, uniq_joseph
Temple:   compressed_dpeg_circular_temple

Skill      XL: |  1  2  3  4  5  6  7  8 |
---------------+-------------------------+-----
Invocations    | 1 2 3 |  3.9
Armour         | 4 5 6 |  6.7
Maces & Flails | 3 4 5 7 |  7.3
Fighting       | 4 5 |  5.5
Dodging        | 1 2 |  2.8
Shields        | 4 5 |  5.3

Action                   |  1- 3 |  4- 6 |  7- 9 || total
-------------------------+-------+-------+-------++-------
Melee: Flail             |    88 |   186 |   316 ||   590
  Use: Potion            |     3 |       |     2 ||     5
       Scroll            |     4 |     4 |     4 ||    12
Armor: Scale mail        |    58 |   143 |   247 ||   448
Dodge: Dodged            |    60 |   100 |   167 ||   327
Block: Buckler           |    26 |    48 |    72 ||   146

Table legend: (Time is in decaauts)
 A = Elapsed time spent in this place.
 B = Non-inter-level travel time spent in this place.
 C = Inter-level travel time spent in this place.
 D = Time resting spent in this place.
 E = Time spent auto-exploring this place.
 F = Levels seen in this place.
 G = Mean time per level.
                   A        B        C        D        E       F      G
               +--------+--------+--------+--------+--------+-----+--------+
         Total |   8305 |   8121 |    184 |   3151 |   3439 |   8 | 1038.1 |
       Dungeon |   8194 |   8010 |    184 |   3151 |   3364 |   7 | 1170.6 |
        Temple |    110 |    110 |      0 |      0 |     75 |   1 |  110.0 |
               +--------+--------+--------+--------+--------+-----+--------+

Top non-repeatable levels by time:
     D:5: 2637 daAuts
     D:4: 1617 daAuts
     D:2: 1342 daAuts
     D:6: 1023 daAuts
     D:3: 885 daAuts
     D:1: 688 daAuts
  Temple: 110 daAuts
     D:7: 0 daAuts
